[Event "Team 45 45 League T30"]
[Site "Internet Chess Club"]
[Date "2006.04.04"]
[Round "2"]
[White "rjml"]
[Black "JBlaze"]
[Result "1-0"]
[WhiteElo "1997"]
[BlackElo "1819"]
[TimeControl "2700+45"]

1. e4 e5 2. Nf3 Nc6 3. Bb5 a6 4. Ba4 Nf6 5. O-O Be7 6. Re1 b5 7. Bb3 O-O 8. h3
Bb7 9. d3 d6 10. c3 Na5 11. Bc2 c5 12. Nbd2 Qc7 13. Nf1 Rfe8 14. Ng3 Rad8 15. a4
h6 16. axb5 axb5 17. d4 c4 18. Nf5 Bf8 19. d5 Ba8 20. Nh2 Nb7 21. Qf3 Nc5 22.
Nxh6+ gxh6 23. Qxf6 Bg7 24. Qh4 Kh7 25. Bxh6 Rh8 26. Bg5+ Kg8 27. Bxd8 {Black
resigns} 1-0  aics%

[Event "Team 45 45 League T30"]
[Site "Internet Chess Club"]
[Date "2006.04.01"]
[Round "2"]
[White "vaibhav"]
[Black "chiiwen"]
[Result "1-0"]
[WhiteElo "1942"]
[BlackElo "1823"]
[TimeControl "2700+45"]

1. e4 c5 2. Nf3 Nc6 3. d4 cxd4 4. Nxd4 g6 5. Nc3 Bg7 6. Be3 Nf6 7. Be2 O-O 8.
O-O d5 9. exd5 Nxd5 10. Nxd5 Qxd5 11. Bf3 Qd7 12. Nxc6 bxc6 13. Qc1 Ba6 14. Rd1
Qb7 15. c3 Rad8 16. Qc2 Qc7 17. Qa4 Bb5 18. Qxa7 Qxa7 19. Bxa7 Ra8 20. Bc5 Rfe8
21. Rd7 e5 22. g3 e4 23. Bd1 Bc4 24. b3 Be6 25. Rd6 Bxc3 26. Rc1 Be5 27. Rxc6
Rxa2 28. b4 Bb2 29. Rb1 Ra1 30. Rxa1 Bxa1 31. Ra6 Be5 32. Ba4 Rd8 33. b5 Rc8 34.
Be3 Bd5 35. b6 Ra8 36. Ra7 Rxa7 37. bxa7 Ba8 38. Kg2 f5 39. Kh3 Bf6 40. g4 Kg7
41. Bd7 fxg4+ 42. Bxg4 h5 43. Be2 Kf7 44. Kg3 Be5+ 45. Kg2 h4 46. h3 Kf6 47. f3
g5 48. fxe4 Bg3 49. Bf3 Be5 50. Kf2 Bg3+ 51. Ke2 Be5 52. Kd3 Kg6 53. Bd4 Kf6 54.
Kc4 Ke6 55. Kc5 Bc7 56. Bg4+ Ke7 57. e5 Bg2 58. Be3 Bxe5 59. Bxg5+ Kf7 60. Bxh4
Bf4 61. Bf2 Kg6 62. Bd7 Bg5 63. Bc6 Be7+ 64. Kb5 {Black resigns} 1-0  aics%

[Event "Team 45 45 League T30"]
[Site "Internet Chess Club"]
[Date "2006.03.30"]
[Round "2"]
[White "Avedldesierto"]
[Black "jongalt97"]
[Result "1/2-1/2"]
[WhiteElo "1699"]
[BlackElo "1765"]
[TimeControl "2700+45"]

1. e4 e6 2. Bc4 d5 3. exd5 exd5 4. Qe2+ Be7 5. Bb5+ c6 6. Bd3 Nf6 7. Nf3 Bg4 8.
O-O O-O 9. h3 Bh5 10. b3 Bg6 11. Bb2 Bxd3 12. Qxd3 Nbd7 13. Re1 h6 14. Qe2 Re8
15. Bxf6 Bxf6 16. Qxe8+ Qxe8 17. Rxe8+ Rxe8 18. d4 c5 19. c3 c4 20. bxc4 dxc4
21. Nbd2 b5 22. a4 a6 23. axb5 axb5 24. Ra7 Nb6 25. Ra5 Na4 26. Rxb5 Nxc3 27.
Rc5 Ne2+ 28. Kf1 Nxd4 29. Nxd4 Bxd4 30. Rxc4 Bb2 31. Re4 Rxe4 32. Nxe4 f5 33.
Nd6 g6 34. Nc4 Bd4 35. f3 Kf7 36. g4 fxg4 37. hxg4 g5 38. Nd6+ Kg6 39. Ke2 Be5
40. Nc4 Bf4 41. Kd3 h5 42. gxh5+ Kxh5 43. Ke4 g4 44. Kxf4 gxf3 45. Kxf3 {Game
drawn because neither player has mating material} 1/2-1/2  aics%

[Event "Team 45 45 League T30"]
[Site "Internet Chess Club"]
[Date "2006.04.02"]
[Round "2"]
[White "fgameiro"]
[Black "Cotesita"]
[Result "1/2-1/2"]
[WhiteElo "1532"]
[BlackElo "1653"]
[TimeControl "2700+45"]

1. e4 c5 2. Nf3 Nc6 3. d4 cxd4 4. Nxd4 e6 5. Be3 Nf6 6. Nc3 Bb4 7. f3 O-O 8. Be2
d5 9. Nxc6 bxc6 10. e5 Nd7 11. f4 c5 12. Bd2 a6 13. O-O Bb7 14. a3 Ba5 15. Bf3
Qc7 16. Bc1 Rac8 17. Ne2 c4 18. c3 Bb6+ 19. Kh1 Nc5 20. Be3 Ba8 21. Nd4 Nb3 22.
Rb1 Bxd4 23. Bxd4 Nxd4 24. cxd4 c3 25. Qc2 cxb2 26. Qxb2 Qa5 27. h3 Qc3 28. Qa1
Qxa1 29. Rxa1 Rc4 30. Rfd1 Rfc8 31. Be2 Ra4 32. Rd2 Rc3 33. Rd3 Rxd3 34. Bxd3 g6
35. g3 Bc6 36. Kg1 Bb5 37. Bc2 Rxd4 38. a4 Bc4 39. Rd1 Rxd1+ 40. Bxd1 Kf8 41.
Kf2 Ke8 42. Ke3 Kd7 43. Kd4 Kc6 44. h4 Kb6 45. h5 Ba2 46. hxg6 hxg6 47. Bc2
{Game drawn by mutual agreement} 1/2-1/2  aics%

[Event "Team 45 45 League T30"]
[Site "Internet Chess Club"]
[Date "2006.03.31"]
[Round "2"]
[White "EdBorowski"]
[Black "Div-anand"]
[Result "1-0"]
[WhiteElo "2053"]
[BlackElo "1907"]
[TimeControl "2700+45"]

1. d4 Nf6 2. Nf3 g6 3. Bf4 Bg7 4. e3 O-O 5. Be2 d6 6. Nbd2 c5 7. c3 Nc6 8. h3
Re8 9. dxc5 e5 10. Bg5 dxc5 11. Nb3 Qe7 12. Bxf6 Bxf6 13. Qd5 c4 14. Qxc4 Be6
15. Qc5 Qc7 16. e4 Red8 17. O-O a5 18. Qe3 b6 19. Ng5 Bxg5 20. Qxg5 a4 21. Nd2
Na5 22. Nf3 a3 23. b4 Nc4 24. Rfe1 Rac8 25. Bxc4 Qxc4 26. Qxe5 Qxc3 27. Qb5 Bxh3
28. Qxb6 Be6 29. e5 Rb8 30. Qe3 Rd3 31. Qh6 Rxf3 32. gxf3 Qxf3 33. Re3 Qg4+ 34.
Rg3 Qxb4 35. Rd1 Bxa2 36. Rh3 Qg4+ 37. Kh2 Qxd1 38. Qxh7+ Kf8 39. Qh8+ Ke7 40.
Qxb8 Qd2 41. Qc7+ Ke6 42. Qc6+ Ke7 43. Qf6+ Kd7 44. Rh8 Kc7 45. Qe7+ Qd7 46.
Qc5+ Kb7 47. Rh4 Qc7 48. Qb5+ Qb6 49. Qd7+ Ka6 50. Ra4+ Qa5 51. Qc6+ {Black
resigns} 1-0  aics%

[Event "Team 45 45 League T30"]
[Site "Internet Chess Club"]
[Date "2006.04.02"]
[Round "2"]
[White "gravitydk"]
[Black "Flying-Tiger"]
[Result "1-0"]
[WhiteElo "1759"]
[BlackElo "1779"]
[TimeControl "2700+45"]

1. e4 c5 2. Nf3 g6 3. d4 cxd4 4. Qxd4 Nf6 5. e5 Nc6 6. Qa4 Nd5 7. Bc4 Nb6 8. Qb3
Nxc4 9. Qxc4 Bg7 10. Bf4 O-O 11. Nc3 a6 12. O-O-O b5 13. Qe2 b4 14. Na4 Qa5 15.
b3 Rd8 16. h4 h5 17. Rhe1 Na7 18. Qe4 Rb8 19. e6 f5 20. Qe3 Rb7 21. exd7 Rbxd7
22. Qe6+ Kh8 23. Rxd7 Rxd7 24. Qxg6 Qd5 25. Qxh5+ Kg8 26. Ng5 e5 27. Qh7+ Kf8
28. Qxf5+ Kg8 29. Qh7+ Kf8 30. Nb6 Qd4 31. Ne6+ {Black resigns} 1-0  aics%

[Event "Team 45 45 League T30"]
[Site "Internet Chess Club"]
[Date "2006.03.31"]
[Round "2"]
[White "AndrewYang"]
[Black "HoHo"]
[Result "0-1"]
[WhiteElo "1583"]
[BlackElo "1717"]
[TimeControl "2700+45"]

1. e4 c5 2. Nf3 e6 3. d4 cxd4 4. Nxd4 Nf6 5. Nc3 d6 6. Be3 a6 7. Be2 Be7 8. O-O
O-O 9. Bf3 Nbd7 10. Nb3 Ne5 11. Bf4 Nxf3+ 12. Qxf3 Qd7 13. Rad1 Rd8 14. Bg5 h6
15. Bxf6 Bxf6 16. Rfe1 Qe7 17. Rd3 Bd7 18. Red1 Bc6 19. Na5 Rac8 20. Nc4 d5 21.
exd5 Bxd5 22. Nxd5 exd5 23. Rxd5 Rxd5 24. Qxd5 Qe2 25. b3 Rd8 26. Nd6 Be7 27.
Qxf7+ Kh8 28. Rf1 Bxd6 29. Qxb7 Bxh2+ 30. Kxh2 Qxf1 31. Qe7 Qd1 32. c4 Qh5+ 33.
Kg3 Qg5+ 34. Qxg5 hxg5 35. Kg4 Rd2 36. Kxg5 Rxa2 37. c5 Rc2 38. b4 a5 39. bxa5
Rxc5+ 40. Kg4 Rxa5 41. f4 Kh7 42. g3 Kh6 43. Kh4 g5+ 44. fxg5+ Rxg5 45. g4 Kg6
46. Kg3 Kf6 47. Kf4 Rg6 48. Kg3 Kg5 49. Kh3 Kf4 50. Kh4 Rxg4+ 51. Kh5 Kf5 52.
Kh6 Rg3 53. Kh7 Kf6 54. Kh8 Kf7 55. Kh7 Rh3# {White checkmated} 0-1  aics%

[Event "Team 45 45 League T30"]
[Site "Internet Chess Club"]
[Date "2006.04.09"]
[Round "2"]
[White "Durbed"]
[Black "Grenadier"]
[Result "1-0"]
[WhiteElo "1743"]
[BlackElo "1610"]
[TimeControl "2700+45"]

1. e4 c6 2. d4 d5 3. Nc3 dxe4 4. Nxe4 Nd7 5. Bc4 e6 6. Nf3 Ngf6 7. Nxf6+ Nxf6 8.
Bg5 Be7 9. O-O O-O 10. c3 b6 11. Qe2 Bb7 12. Rfe1 Nd5 13. Bxe7 Qxe7 14. Bxd5
cxd5 15. Ne5 Rac8 16. Qg4 b5 17. Nd3 a5 18. a3 Ba6 19. Nf4 Qd6 20. Nh5 g6 21.
Qf4 Qxf4 22. Nxf4 Rc7 23. Nd3 Bb7 24. Nc5 Re8 25. Re5 Kg7 26. Rae1 Bc8 27. Rxd5
exd5 28. Rxe8 Bf5 29. Re5 Bb1 30. Rxd5 Ba2 31. Re5 a4 32. f4 Bc4 33. Kf2 Rc6 34.
Re3 Rf6 35. Kg3 h5 36. h4 Rd6 37. Nd3 f6 38. Ne1 Kf7 39. Nf3 Re6 40. Kf2 Ke7 41.
Ne1 Kd6 42. Nc2 f5 43. Re5 Rxe5 44. dxe5+ Kd5 45. Ne3+ {Black resigns} 1-0 
aics%

[Event "Team 45 45 League T30"]
[Site "Internet Chess Club"]
[Date "2006.03.31"]
[Round "2"]
[White "WFN2"]
[Black "chesskilleruk"]
[Result "1-0"]
[WhiteElo "2310"]
[BlackElo "2361"]
[TimeControl "2700+45"]

1. c4 c6 2. d4 d5 3. Nf3 e6 4. e3 Nf6 5. b3 Bd6 6. Bd3 Nbd7 7. Bb2 Qe7 8. Ne5
Nxe5 9. dxe5 Bb4+ 10. Nd2 Nd7 11. O-O Ba3 12. Bxa3 Qxa3 13. f4 Qc5 14. Qe2 O-O
15. Nf3 h6 16. Kh1 Nb6 17. g4 a5 18. g5 dxc4 19. bxc4 hxg5 20. Nxg5 g6 21. Rg1
Kg7 22. Bxg6 fxg6 23. Ne4 Qe7 24. Rxg6+ Kxg6 25. Rg1+ Kh6 26. Qg4 Qf7 27. Qg5+
Kh7 28. Qh4+ {Black resigns} 1-0  aics%

[Event "Team 45 45 League T30"]
[Site "Internet Chess Club"]
[Date "2006.04.02"]
[Round "2"]
[White "iwulu"]
[Black "virginiaknight"]
[Result "1/2-1/2"]
[WhiteElo "2247"]
[BlackElo "2176"]
[TimeControl "2700+45"]

1. d4 Nf6 2. Nf3 g6 3. c4 Bg7 4. Nc3 d5 5. cxd5 Nxd5 6. e4 Nxc3 7. bxc3 O-O 8.
Be3 c5 9. Rc1 Qa5 10. Qd2 cxd4 11. cxd4 Qxd2+ 12. Bxd2 Bg4 13. d5 Nd7 14. Bb5
Rfc8 15. O-O a6 16. Bd3 Nc5 17. Bb1 Na4 18. h3 Bd7 19. e5 h6 20. Be4 Nc5 21. Bb1
Na4 22. Be4 Nc5 23. Bb1 Na4 {Game drawn by repetition} 1/2-1/2  aics%

[Event "Team 45 45 League T30"]
[Site "Internet Chess Club"]
[Date "2006.04.01"]
[Round "2"]
[White "Zillmer"]
[Black "SkinnyPuppy"]
[Result "1/2-1/2"]
[WhiteElo "2127"]
[BlackElo "2118"]
[TimeControl "2700+45"]

1. e4 d5 2. exd5 Nf6 3. c4 e6 4. dxe6 Bxe6 5. Nf3 Qe7 6. Be2 Bxc4 7. d3 Ba6 8.
O-O Nc6 9. Re1 O-O-O 10. Nc3 Qd7 11. Qa4 Bb4 12. Bg5 Qf5 13. d4 Bxe2 14. Rxe2
Bxc3 15. bxc3 Ne4 16. Rxe4 Qxe4 17. Bxd8 Rxd8 18. Qb3 f6 19. Re1 Qf5 20. Qf7 Qd7
21. Qh5 g6 22. Qh4 Qf7 23. a4 Qc4 24. Qxf6 Qxc3 25. Qe6+ Kb8 26. d5 Nd4 27. Nxd4
Qxd4 28. Qe7 Qxd5 29. Qxh7 Qe4 30. Rf1 a5 31. h3 b6 32. Rc1 Qf4 33. Rf1 g5 34.
Qc2 g4 35. hxg4 Rh8 36. Rc1 Qh2+ 37. Kf1 Qh1+ 38. Ke2 Re8+ 39. Kf3 Qh2 40. Qf5
Qh6 41. g5 Qd6 42. Qc2 Qd5+ 43. Kg3 Qxg5+ 44. Kh2 Rh8+ 45. Kg1 Qe5 46. Qc6 Rh7
47. g3 Qh5 48. Re1 Qh2+ {Game drawn by mutual agreement} 1/2-1/2  aics% 



Kingofknights(90): account extensions for this Sunday tourney
aics%

[Event "ICC 45 45"]
[Site "Internet Chess Club"]
[Date "2006.04.02"]
[Round "2"]
[White "gracey"]
[Black "SluMan"]
[Result "0-1"]
[WhiteElo "2042"]
[BlackElo "2025"]
[TimeControl "2700+45"]

1. c4 f5 2. d4 e6 3. Nc3 Nf6 4. Bg5 Be7 5. e3 d6 6. Nf3 O-O 7. Qc2 a5 8. O-O-O
Nc6 9. g4 fxg4 10. Nd2 Bd7 11. Bxf6 Bxf6 12. a3 Rb8 13. Bd3 h6 14. Nde4 Bxd4 15.
exd4 Nxd4 16. Qb1 Bc6 17. Qa2 Rf3 18. Bb1 e5 19. Rhf1 Kh8 20. Bd3 a4 21. Rfe1
Qh4 22. Kb1 Rbf8 23. c5 dxc5 24. Nxc5 Qxf2 25. N3e4 Qxh2 26. Qc4 Qh5 27. Qb4 g3
28. Nxa4 g2 29. Nac3 R8f4 30. Nc5 Rf1 31. Rxf1 Rxf1 32. Rxf1 gxf1=Q+ 33. Bxf1
Qh1 34. Qc4 Bg2 35. Ka2 Qxf1 36. Qxf1 Bxf1 37. Nxb7 g5 38. Nc5 g4 39. N3e4 Nf5
40. Nd7 Bd3 41. Nf2 g3 42. Nh3 e4 43. Ne5 Bf1 44. Ng1 h5 45. b4 h4 46. Ng6+ Kg7
47. Nf4 Kf6 48. Kb3 Kg5 49. Ne6+ Kg4 50. Nc5 Nd4+ 51. Kc3 Ne2+ 52. Nxe2 Bxe2 53.
Kd2 g2 {White resigns} 0-1  aics%

[Event "Team 45 45 League T30"]
[Site "Internet Chess Club"]
[Date "2006.04.01"]
[Round "2"]
[White "Milo"]
[Black "Rossinantes"]
[Result "1-0"]
[WhiteElo "2379"]
[BlackElo "2336"]
[TimeControl "2700+45"]

1. e4 c5 2. Nf3 Nc6 3. d4 cxd4 4. Nxd4 Qb6 5. Nb3 Nf6 6. Nc3 e6 7. Qe2 d6 8. g4
a6 9. Bd2 Be7 10. O-O-O O-O 11. g5 Nd7 12. Rg1 Re8 13. Be3 Qc7 14. f4 b5 15. Qh5
Bb7 16. Rg3 g6 17. Qh4 Bf8 18. Rh3 h5 19. Be2 b4 20. f5 bxc3 21. f6 cxb2+ 22.
Kb1 Nb4 23. Rd2 Rac8 24. Bxh5 Nxc2 25. Bc5 Na3+ 26. Bxa3 Bxe4+ 27. Kxb2 gxh5 28.
Qxh5 Bg7 29. fxg7 f6 30. g6 Bxg6 31. Qxg6 {Black resigns} 1-0  aics% 
VictorRed(71): yo lo tomo como etapas de madures aics%

[Event "Team 45 45 League T30"]
[Site "Internet Chess Club"]
[Date "2006.03.30"]
[Round "2"]
[White "WizzyD"]
[Black "VentasD"]
[Result "0-1"]
[WhiteElo "1926"]
[BlackElo "2090"]
[TimeControl "2700+45"]

1. e4 c5 2. Nf3 d6 3. d4 cxd4 4. Nxd4 Nf6 5. f3 e5 6. Nb5 a6 7. N5a3 d5 8. exd5
Qxd5 9. Bd3 Bc5 10. Qe2 Nc6 11. Nc3 Qd4 12. Bg5 Bxa3 13. Bxf6 gxf6 14. Rd1 Bxb2
15. Ne4 Qb4+ 16. Kf1 Qe7 17. Bc4 Ba3 18. Qe3 Bf5 19. Ng3 Bxc2 20. Rd2 Bg6 21. h4
h5 22. Ne2 Bc5 23. Qb3 Nd4 24. Nxd4 Bxd4 25. g3 b5 26. Bd5 Rc8 27. Kg2 Rc3 28.
Qd1 Qc5 29. Re1 Rc2 30. Bb3 Rxd2+ 31. Qxd2 Qc3 32. Qd1 O-O 33. g4 f5 34. gxf5
Bxf5 35. Re2 Kh8 36. Rc2 Bxc2 {White resigns} 0-1  aics%

[Event "Team 45 45 League T30"]
[Site "Internet Chess Club"]
[Date "2006.04.01"]
[Round "2"]
[White "WesleyCrusher"]
[Black "equi"]
[Result "0-1"]
[WhiteElo "2040"]
[BlackElo "1808"]
[TimeControl "2700+45"]

1. e4 e5 2. Nf3 Nc6 3. Bb5 a6 4. Ba4 Nf6 5. O-O b5 6. Bb3 Bb7 7. c3 Nxe4 8. Re1
Nc5 9. Nxe5 Nxe5 10. Rxe5+ Ne6 11. d4 Bd6 12. Rh5 g6 13. Rh3 O-O 14. Bh6 Re8 15.
Be3 Ng5 16. Rg3 Bxg3 17. hxg3 Qf6 18. Bf4 d6 19. Nd2 Re7 20. Nf1 Rae8 21. Ne3 h5
22. d5 Ne4 23. Nc2 h4 24. Be3 hxg3 25. Bd4 gxf2+ 26. Kf1 Ng3# {White checkmated}
0-1  aics%

[Event "Team 45 45 League T30"]
[Site "Internet Chess Club"]
[Date "2006.04.04"]
[Round "2"]
[White "MoneyGame"]
[Black "Quoyle"]
[Result "1/2-1/2"]
[WhiteElo "2296"]
[BlackElo "2433"]
[TimeControl "2700+45"]

1. d4 Nf6 2. c4 e6 3. Nc3 Bb4 4. f3 d5 5. a3 Bxc3+ 6. bxc3 c5 7. cxd5 Nxd5 8.
dxc5 Qa5 9. e4 Ne7 10. Be3 O-O 11. Qb3 Qc7 12. Nh3 Nec6 13. Nf2 Na5 14. Qb4 Nbc6
15. Qa4 f5 16. Be2 f4 17. Bd2 e5 18. c4 Be6 19. Rb1 Rfd8 20. Bc3 b6 21. cxb6
axb6 22. Qb5 Nd4 23. Bxd4 Rxd4 24. Qxb6 Qxb6 25. Rxb6 Bxc4 26. Rb4 Rad8 27. Ra4
Bxe2 28. Rxd4 Rxd4 29. Kxe2 Ra4 30. Nd3 Nc6 31. Rc1 Nd4+ 32. Kd1 Ra5 33. Rc5
Rxa3 34. Nxe5 g5 35. Rd5 Ra1+ 36. Kd2 Ra2+ 37. Kc3 Ne2+ 38. Kc4 Ng1 39. Rd8+ Kg7
40. Rd7+ Kf6 41. Ng4+ Ke6 42. Rxh7 Rxg2 43. Rh6+ Ke7 44. Ne5 Rc2+ 45. Kd3 Rf2
46. Rg6 Nxf3 47. Nxf3 Rxf3+ 48. Kd4 Rh3 49. Rxg5 Rxh2 50. Rf5 Rh6 51. Rxf4 Ke8
52. Rf5 Ra6 53. Rb5 Rh6 54. Ra5 Rg6 55. Re5+ Kd8 56. Kd5 Ra6 57. Re6 Ra5+ 58.
Kd6 Ra6+ 59. Ke5 Ra1 60. Rb6 Rh1 61. Kd5 Ke7 62. Rb7+ Ke8 63. Rb8+ Ke7 64. Rb7+
Ke8 65. Rb6 Ke7 66. Ra6 Rh2 67. Ra7+ Ke8 68. Ra8+ Ke7 69. Ra7+ Ke8 70. Ra6 Ke7
71. Rc6 Rh1 72. Rc7+ Ke8 73. Rg7 Rh6 74. Ra7 Rb6 75. Rh7 Rg6 76. Rc7 Rh6 77. Rc1
Rg6 78. Rb1 Ra6 79. Rb8+ Ke7 80. Rb7+ Ke8 81. Rg7 Rh6 82. Rg3 Ra6 83. Rc3 Rh6
84. Rc2 Ra6 85. Re2 Ke7 86. Rh2 Ra5+ 87. Kd4 Ke6 88. Rh6+ Ke7 89. Rh7+ Ke6 90.
Rh6+ Ke7 91. Rb6 Rh5 92. Ra6 Rg5 93. Rh6 Ra5 94. Rh1 Ke6 95. Rh6+ Ke7 96. Rc6
Rb5 97. Rc4 Ra5 98. Rb4 Ke6 99. Rb6+ Ke7 100. e5 Ra1 101. Rb7+ Ke6 102. Rb6+ Ke7
103. Rh6 Rd1+ 104. Ke4 Re1+ 105. Kf5 Rf1+ 106. Ke4 Re1+ 107. Kd4 Rd1+ 108. Kc5
Rc1+ 109. Kb4 Re1 110. Rh5 Ke6 111. Rh8 Rxe5 112. Re8+ Kd5 113. Rxe5+ Kxe5 {Game
drawn because neither player has mating material} 1/2-1/2  aics%

[Event "Team 45 45 League T30"]
[Site "Internet Chess Club"]
[Date "2006.04.03"]
[Round "2"]
[White "phoenix10q72"]
[Black "KingDestroyer"]
[Result "1-0"]
[WhiteElo "2312"]
[BlackElo "2167"]
[TimeControl "2700+45"]

1. e4 c5 2. Nf3 d6 3. d4 cxd4 4. Nxd4 Nf6 5. Nc3 a6 6. Be3 e6 7. f3 b5 8. g4
Nfd7 9. Qd2 Bb7 10. O-O-O Nb6 11. Nb3 N8d7 12. Na5 Rb8 13. Nxb7 Rxb7 14. h4 Ne5
15. Qg2 Nbc4 16. Bd4 Qa5 17. f4 Nc6 18. e5 d5 19. Nxd5 exd5 20. Qxd5 Qc7 21. Bg2
N4a5 22. e6 f6 23. Rhe1 Be7 24. g5 Nxd4 25. Qxd4 Rb8 26. Qe4 Qc4 27. Qxc4 Nxc4
28. Bc6+ Kf8 29. Rd7 a5 30. Red1 Nd6 31. R1xd6 Bxd6 32. Rxd6 Ke7 33. Rd7+ Kxe6
34. Rxg7 Kd6 35. Be4 h6 36. gxf6 Ke6 37. Ra7 Rb6 38. Rxa5 Kxf6 39. b4 Rg8 40.
Bd3 Rg4 41. Bxb5 Rxf4 42. a3 Rxh4 43. Bd3 Ke7 44. Kb2 Rf6 45. Ra7+ Kd8 46. Rh7
Rh2 47. Kb3 h5 48. a4 h4 49. a5 {Black resigns} 1-0  aics%

[Event "Team 45 45 League T30"]
[Site "Internet Chess Club"]
[Date "2006.04.01"]
[Round "2"]
[White "DTK"]
[Black "jorobo"]
[Result "0-1"]
[WhiteElo "2139"]
[BlackElo "2186"]
[TimeControl "2700+45"]

1. e4 e6 2. d3 d5 3. Qe2 Nf6 4. Nf3 Be7 5. g3 c5 6. e5 Nfd7 7. c4 Nb6 8. Bg2 Nc6
9. O-O O-O 10. h4 f5 11. Na3 Bd7 12. Nc2 Be8 13. Ng5 Qd7 14. Rd1 Rd8 15. Bf4 h6
16. Nh3 Bf7 17. h5 Qe8 18. Bf3 Kh7 19. g4 fxg4 20. Bxg4 g5 21. Bg3 Rg8 22. Kh2
Bf8 23. Rg1 Bg7 24. f4 gxf4 25. Bxf4 dxc4 26. dxc4 Nd7 27. Bf3 Ndxe5 28. Rxg7+
Rxg7 29. Bxe5 Nxe5 30. Qxe5 Rd2+ 31. Kh1 Bxh5 32. Be4+ Bg6 33. Nf4 Bxe4+ 34.
Qxe4+ Kg8 35. Ne3 Qe7 36. Qxe6+ Qxe6 37. Nxe6 Re7 38. Nf1 Rxb2 39. Nxc5 Rc2 40.
Nb3 Rxc4 41. Nfd2 Rg4 42. Rg1 Rxg1+ 43. Kxg1 b6 44. a4 Kf7 45. Kf2 Ke8 46. Nd4
Kd7 47. N2b3 Rf7+ 48. Kg3 Rf1 49. Kg4 a6 50. Kg3 Kd6 51. Kg4 Kd5 52. Nf5 Rg1+
53. Kf4 Kc4 54. Nd2+ Kb4 55. Nxh6 Kxa4 56. Nf5 b5 57. Ke3 Rc1 58. Kd3 a5 59. Nd4
Rc8 60. Nb1 b4 61. Kd2 b3 62. Kd3 Kb4 63. Nd2 a4 {White resigns} 0-1  aics%

[Event "Team 45 45 League T30"]
[Site "Internet Chess Club"]
[Date "2006.04.01"]
[Round "2"]
[White "John3v16"]
[Black "syy89"]
[Result "1/2-1/2"]
[WhiteElo "1907"]
[BlackElo "2093"]
[TimeControl "2700+45"]

1. d4 Nf6 2. c4 g6 3. Nc3 Bg7 4. e4 d6 5. f4 O-O 6. Nf3 c5 7. d5 e6 8. Be2 exd5
9. exd5 Bf5 10. O-O Re8 11. Bd3 Qd7 12. Qc2 Na6 13. Bxf5 gxf5 14. Nh4 Ne4 15. a3
Bd4+ 16. Kh1 Kh8 17. Nb5 Bf6 18. Nf3 Rg8 19. Nd2 Rae8 20. Nxe4 fxe4 21. Be3 Nc7
22. Nc3 Qf5 23. Rae1 Bh4 24. g3 Bxg3 25. hxg3 Rxg3 26. Bg1 Qh5+ 27. Bh2 f5 28.
Ne2 Rh3 29. Ng1 Rh4 30. Re3 h6 31. Rg3 Kh7 32. Rf2 Re7 33. Qc3 Ne8 34. Rfg2 Rf7
35. Rg8 Nf6 36. Qxf6 Rxh2+ 37. Rxh2 Rxf6 38. Rxh5 Kxg8 39. Kg2 Kg7 40. Kf2 Kg6
41. Rh3 h5 42. Rh4 Rf7 43. Ne2 Rh7 44. Ke3 Kh6 45. Kd2 Rg7 46. Rh3 Rh7 47. Ng3
Kg6 48. Rh4 Rh8 49. b4 b6 50. Ne2 Rh7 51. Nc3 a6 52. b5 a5 53. Ke3 Kh6 54. Ne2
Rg7 55. Kf2 Kg6 56. Ng1 Kh6 57. Nh3 Kg6 58. Ng5 Rg8 59. Rh1 Rh8 60. Kg3 Re8 61.
Ne6 Re7 62. Kh4 Kf6 63. Rg1 Rh7 64. Rg5 Rh8 65. Ng7 e3 66. Nxh5+ Kf7 67. Rg1 e2
68. Rg7+ Kf8 69. Rg1 Kf7 70. Rg7+ Kf8 71. Rg1 Kf7 72. a4 Re8 73. Re1 Re4 74. Kg5
Rxc4 75. Rxe2 Rxa4 76. Kxf5 Rd4 77. Nf6 a4 78. Re4 a3 79. Re2 c4 80. Ra2 Rd3 81.
Nd7 Rxd5+ 82. Ke4 Rxb5 83. Rxa3 Ke7 84. Nb8 Rc5 85. Na6 Rc8 86. Kd4 b5 87. Nb4
Kf6 88. Nd5+ Kf7 89. Ra7+ Kf8 90. Rb7 c3 91. Nxc3 Rc4+ 92. Kd3 Rxf4 93. Rxb5 Kf7
{Game drawn by mutual agreement} 1/2-1/2  aics%

[Event "Team 45 45 League T30"]
[Site "Internet Chess Club"]
[Date "2006.04.01"]
[Round "2"]
[White "Guinness"]
[Black "GrayFox"]
[Result "1-0"]
[WhiteElo "2372"]
[BlackElo "2426"]
[TimeControl "2700+45"]

1. e4 c5 2. d3 Nc6 3. f4 g6 4. Nf3 Bg7 5. g3 e6 6. Bg2 Nge7 7. O-O d5 8. c3 dxe4
9. dxe4 O-O 10. Na3 b6 11. Be3 Ba6 12. Rf2 Qxd1+ 13. Rxd1 Rfd8 14. Rfd2 Rxd2 15.
Rxd2 Rd8 16. Rxd8+ Nxd8 17. Nd2 Kf8 18. Nac4 Ke8 19. Bf1 Bxc4 20. Bxc4 Kd7 21.
Bb5+ Kc7 22. e5 Nd5 23. Kf2 Bf8 24. Ne4 Be7 25. Bd2 Kb7 26. Kf3 a6 27. Bd3 b5
28. g4 Nc6 29. Ng3 b4 30. Be4 bxc3 31. Bxc3 Kb6 32. Bd2 Nd4+ 33. Kf2 Bh4 34. Kg2
h6 35. Nf1 g5 36. Bxd5 exd5 37. f5 Nc6 38. Ne3 Nxe5 39. Nxd5+ Kc6 40. Nf6 Kd6
41. h3 Nd7 42. Ne4+ Kd5 43. Nc3+ Kd4 44. Na4 Kd3 45. Bc3 Kc2 46. Kf3 Kb1 47. Ke4
Kxa2 48. Kd5 Bf2 49. Kc6 Kb3 50. Kxd7 Kxa4 51. Ke7 Bd4 52. Kxf7 Kb3 53. f6
{Black resigns} 1-0  aics%

[Event "Team 45 45 League T30"]
[Site "Internet Chess Club"]
[Date "2006.03.30"]
[Round "2"]
[White "Cuby"]
[Black "Satan"]
[Result "0-1"]
[WhiteElo "2171"]
[BlackElo "2174"]
[TimeControl "2700+45"]

1. b3 e5 2. Bb2 Nc6 3. e3 g6 4. f4 Bg7 5. Nf3 d6 6. Bb5 Bd7 7. d4 exf4 8. exf4
Qe7+ 9. Kf2 O-O-O 10. Nc3 Nh6 11. Re1 Qf8 12. Nd5 Re8 13. Qd2 Ng4+ 14. Kg1 Nf6
15. Nxf6 Bxf6 16. d5 Bxb2 17. dxc6 Bxc6 18. Bxc6 bxc6 19. Rxe8+ Qxe8 20. Re1 Qd8
21. c3 Ba3 22. b4 c5 23. Qd3 cxb4 24. Qa6+ Kd7 25. Nd4 Qb8 26. Re7+ Kxe7 27.
Nc6+ Kd7 28. Nxb8+ Rxb8 29. Qxa7 Rb6 30. Kf1 Kd8 31. Ke2 Bc1 32. Qa8+ Kd7 33.
Qa4+ Ke7 34. cxb4 Bxf4 35. b5 Be5 36. Qc4 d5 37. Qxd5 Re6 38. Kf3 Rf6+ 39. Ke4
Bxh2 40. Qg5 Bf4 41. Qxf6+ Kxf6 42. Kxf4 Ke6 43. Ke4 Kd6 44. Kd4 h5 45. a4 c6
46. b6 c5+ 47. Kc4 Kc6 48. b7 Kxb7 49. Kxc5 Ka6 50. Kd5 Ka5 51. Ke5 Kxa4 52. Kf6
h4 53. Kg5 Kb5 54. Kxh4 Kc6 55. Kg5 Kd7 56. Kf6 Ke8 57. g4 Kf8 58. g5 Ke8 59.
Ke5 Ke7 60. Kf4 Kd6 {White resigns} 0-1  aics%

[Event "Team 45 45 League T30"]
[Site "Internet Chess Club"]
[Date "2006.04.09"]
[Round "2"]
[White "onslaught"]
[Black "Parsival"]
[Result "1/2-1/2"]
[WhiteElo "2156"]
[BlackElo "2116"]
[TimeControl "2700+45"]

1. e4 c5 2. Nf3 e6 3. d4 cxd4 4. Nxd4 Nf6 5. Nc3 Nc6 6. Ndb5 Bb4 7. a3 Bxc3+ 8.
Nxc3 d5 9. exd5 exd5 10. Bd3 O-O 11. O-O Bg4 12. f3 Bh5 13. Bg5 Qb6+ 14. Kh1 Ne4
15. Nxe4 dxe4 16. Bxe4 Qxb2 17. Qd5 Qb6 18. Rab1 Qc7 19. Qb5 Rab8 20. Bh4 f5 21.
Bd3 a6 22. Qd5+ Qf7 23. Qc5 Kh8 24. Bxa6 bxa6 25. Qxc6 Rxb1 26. Rxb1 Qa2 27. Re1
Qxa3 28. Be7 Qa5 29. Rb1 Re8 30. h3 Bg6 31. f4 Qa2 32. Rb7 Qa1+ 33. Kh2 Qd4 34.
Bd6 h6 35. Be5 Rxe5 36. fxe5 Qxe5+ 37. Kg1 Qe1+ 38. Kh2 Qe5+ 39. Kg1 Qe1+ 40.
Kh2 Qe5+ 41. Kg1 Qe1+ 42. Kh2 {Game drawn by repetition} 1/2-1/2  aics%

[Event "Team 45 45 League T30"]
[Site "Internet Chess Club"]
[Date "2006.04.01"]
[Round "2"]
[White "Firebullet"]
[Black "fledermaus"]
[Result "1/2-1/2"]
[WhiteElo "1934"]
[BlackElo "2072"]
[TimeControl "2700+45"]

1. d4 d5 2. c4 e6 3. Nc3 Be7 4. cxd5 exd5 5. Bf4 c6 6. e3 Bd6 7. Bg3 Ne7 8. Bd3
Nf5 9. Qc2 Nxg3 10. hxg3 h6 11. Nge2 Nd7 12. a3 Nf6 13. b4 Qe7 14. Rb1 O-O 15.
Na4 Ne4 16. Bxe4 dxe4 17. Nc5 Re8 18. Nc3 Bf5 19. Rh4 b6 20. Nb3 Rac8 21. Kf1
Bg6 22. Nd2 f5 23. Nc4 Bb8 24. Ne2 Bf7 25. Kg1 Qf6 26. Rc1 g5 27. Rh1 Kg7 28. a4
Bd5 29. a5 b5 30. Nd2 Bd6 31. Rb1 Qe7 32. Qb2 Rh8 33. Nc3 a6 {Game drawn by
mutual agreement} 1/2-1/2  aics%

[Event "Team 45 45 League T30"]
[Site "Internet Chess Club"]
[Date "2006.04.03"]
[Round "2"]
[White "Whole"]
[Black "Gath"]
[Result "1/2-1/2"]
[WhiteElo "2377"]
[BlackElo "2306"]
[TimeControl "2700+45"]

1. e4 e5 2. Nf3 Nf6 3. Nxe5 d6 4. Nf3 Nxe4 5. Nc3 Nxc3 6. dxc3 Be7 7. Bd3 Nc6 8.
Bf4 O-O 9. Qd2 Bf6 10. O-O-O Bg4 11. Kb1 Re8 12. Be2 Ne5 13. Nxe5 Bxe2 14. Qxe2
Bxe5 15. Qd2 Bxf4 16. Qxf4 Qd7 17. Rhe1 Re6 18. Re4 Rae8 19. Rde1 Rxe4 20. Rxe4
Rxe4 21. Qxe4 Qe6 22. Qxe6 fxe6 23. c4 Kf7 24. c3 Kf6 25. Kc2 c6 26. Kd3 Kf5 27.
Ke3 g5 28. f3 a5 29. g3 b6 30. a4 c5 31. b3 d5 32. Kd3 h6 33. Ke3 Ke5 34. Kd3 d4
35. Kd2 dxc3+ 36. Kxc3 Kf5 {Game drawn by mutual agreement} 1/2-1/2  aics%